 Dungeon Crawl Stone Soup version 0.30-a0-250-g41c1d76940 (webtiles) character file.

Game seed: 3537336626262866966

102459 Anon1729 the Fighter (level 15, -1/125 HPs)
             Began as a Mummy Chaos Knight on Oct 12, 2022.
             Was a Plaything of Xom.
             Killed from afar by a deep elf knight (18 damage)
             ... with a lance of force
             ... on level 1 of the Elven Halls on Oct 13, 2022.
             The game lasted 01:05:14 (26024 turns).

Anon1729 the Fighter (Mummy Chaos Knight)          Turns: 26024, Time: 01:05:15

Health: -1/125     AC: 30    Str: 25    XL:     15   Next: 86%
Magic:  15/15      EV:  9    Int: 12    God:    Xom [.....*]
Gold:   1771       SH:  0    Dex: 16    Spells: 14/14 levels left

rFire   + . .      SeeInvis +    Z - +7 lajatang (flame)
rCold   . . .      Faith    +    (shield currently unavailable)
rNeg    + + +      Spirit   .    e - +5 storm dragon scales
rPois   ∞          Reflect  +    s - +2 helmet
rElec   +          Harm     .    (no cloak)
rCorr   +          Rampage  .    U - +2 pair of gloves {hurl}
Will    +....                    d - +2 pair of boots
Stlth   ..........               b - amulet of Licziyz {Reflect rF+ rC- Str+3 SH+5 Stlth+}
HPRegen 0.40/turn                D - ring "Odistit" {rF+ rN+ rCorr Dex+4 Stlth+}
MPRegen 0.14/turn                u - ring of see invisible

@: confused
A: cold resistance 1, negative energy resistance 3, torment resistance 2, heat
vulnerability 1, in touch with death 2, no potions, faith
a: Renounce Religion


You were on level 1 of the Elven Halls.
You worshipped Xom.
You were Xom's teddy bear.
You visited 5 branches of the dungeon, and saw 23 of its levels.
You also visited: Gauntlet and Volcano.

You collected 2857 gold pieces.
You spent 1086 gold pieces at shops.

Inventory:

Hand Weapons
 a - a +0 spear of chaos
 O - a +0 quarterstaff of freezing
 X - a +0 quick blade of flaming
 Z - a +7 lajatang of flaming (weapon)
Missiles
 P - 16 stones
 Q - 8 curare-tipped darts
Armour
 d - a +2 pair of boots (worn)
 e - +5 storm dragon scales (worn)
 s - a +2 helmet (worn)
 K - an orb of light
 U - a +2 pair of gloves of hurling (worn)
 V - a +1 hat
 Y - the +7 fire dragon scales of Fuxaih Yzxi {Drain rF++ rC- Int+6}
   (You found it in a volcano)

   Int:       It affects your intelligence (+6).
   rF:        It greatly protects you from fire.
   rC:        It makes you vulnerable to cold.
   Drain:     It drains your maximum health when unequipped.
Magical Staves
 f - a staff of poison
 l - a staff of death
 A - a staff of death
Jewellery
 b - the amulet of Licziyz (around neck) {Reflect rF+ rC- Str+3 SH+5 Stlth+}
   (You found it in a Gauntlet)

   [amulet of reflection]

   It reflects blocked missile attacks.
   Str:       It affects your strength (+3).
   rF:        It protects you from fire.
   rC:        It makes you vulnerable to cold.
   SH:        It affects your SH (+5).
   Stlth:     It makes you more stealthy.
 j - an amulet of regeneration
 u - a ring of see invisible (right hand)
 v - a +6 ring of strength
 w - a ring of willpower
 y - the ring "Porph" {rC++ MP+9}
   (You found it on level 11 of the Dungeon)

   [ring of magical power]

   rC:        It greatly protects you from cold.
   MP:        It affects your magic capacity (+9).
 D - the ring "Odistit" (left hand) {rF+ rN+ rCorr Dex+4 Stlth+}
   (You took it off a wizard on level 11 of the Dungeon)

   [ring of protection from fire]

   Dex:       It affects your dexterity (+4).
   rF:        It protects you from fire.
   rN:        It protects you from negative energy.
   rCorr:     It protects you from acid and corrosion.
   Stlth:     It makes you more stealthy.
 E - the ring "Yvuoseuj" {Fly rC+}
   (You found it on level 11 of the Dungeon)

   [ring of flight]

   rC:        It protects you from cold.
   Fly:       It grants you flight.
 F - the ring of Lady Luck {Fire Fly MP+9}
   (You found it on level 11 of the Dungeon)

   [ring of fire]

   It enhances your fire magic.
   rF:        It protects you from fire.
   rC:        It makes you vulnerable to cold.
   MP:        It affects your magic capacity (+9).
   Fly:       It grants you flight.
 I - a ring of protection from cold
 L - the amulet of Patience {Reflect rCorr Dex+4 SH+5}
   (You found it on level 14 of the Dungeon)

   [amulet of reflection]

   It reflects blocked missile attacks.
   Dex:       It affects your dexterity (+4).
   rCorr:     It protects you from acid and corrosion.
   SH:        It affects your SH (+5).
 N - a ring of ice
 R - a ring of magical power
 S - an amulet of magic regeneration
 W - a +6 ring of intelligence
Wands
 r - a wand of digging (10)
 t - a wand of polymorph (2)
 z - a wand of flame (45)
 H - a wand of roots (12)
 J - a wand of mindburst (11)
 T - a wand of charming (4)
Scrolls
 h - 5 scrolls of amnesia
 i - 3 scrolls of magic mapping
 m - 6 scrolls of fear
 n - 7 scrolls of teleportation
 o - a scroll of summoning
 p - 3 scrolls of torment
 q - 9 scrolls of immolation
 x - a scroll of noise
 B - 16 scrolls of identify
 C - 2 scrolls of butterflies
 G - 2 scrolls of poison
 M - a scroll of vulnerability
Miscellaneous
 c - a piece from Xom's chessboard (15/15) (quivered)
 g - a phial of floods
 k - a condenser vane


   Skills:
 + Level 13.9 Fighting
 - Level 3.9(8.3) Polearms
 + Level 11.3(11.6) Staves
 + Level 10.8 Armour
 - Level 1.0 Dodging
 + Level 13.2 Necromancy
 + Level 10.4 Evocations


You had 14 spell levels left.
You didn't know any spells.
Your spell library contained the following spells:

 Spells                   Type           Power      Damage    Failure   Level
 Necrotise                Necr           100%       1d9       1%          1
 Vampiric Draining        Necr           64%        2d10      1%          3
 Dispel Undead            Necr           64%        3d22      7%          4
 Agony                    Necr           64%        N/A       19%         5
 Cigotuvi's Dreadful Rot  Necr/Pois/Air  46%        N/A       36%         2
 Death Channel            Necr           32%        N/A       71%         6
 Apportation              Tloc           0%         N/A       85%         1
 Sting                    Tmut/Pois      0%         1d3       85%         1
 Summon Small Mammal      Summ           0%         N/A       85%         1
 Passwall                 Tmut/Erth      0%         N/A       94%         2
 Borgnjor's Vile Clutch   Necr/Erth      17%        N/A       96%         5
 Ignite Poison            Fire/Tmut/Pois 0%         N/A       99%         3
 Kindle Blastsparks       Fire/Tloc/Air  0%         2d10      99%         3
 Ozocubu's Armour         Ice            0%         N/A       99%         3
 Portal Projectile        Hex/Tloc       0%         N/A       99%         3
 Summon Guardian Golem    Hex/Summ       0%         N/A       99%         3
 Tukima's Dance           Hex            0%         N/A       99%         3
 Cause Fear               Hex            0%         N/A       100%        4
 Leda's Liquefaction      Hex/Erth       0%         N/A       100%        4
 Manifold Assault         Tloc           0%         N/A       100%        4
 Olgreb's Toxic Radiance  Pois           0%         N/A       100%        4
 Passage of Golubria      Tloc           0%         N/A       100%        4
 Alistair's Intoxication  Tmut/Pois      0%         N/A       100%        5
 Freezing Cloud           Conj/Ice/Air   0%         6-21      100%        5
 Lee's Rapid Deconstruct  Erth           0%         3d5*      100%        5
 Metabolic Englaciation   Hex/Ice        0%         N/A       100%        5
 Summon Forest            Summ/Tloc      0%         N/A       100%        5
 Summon Mana Viper        Hex/Summ       0%         N/A       100%        5
 Yara's Violent Unravell  Hex/Tmut       0%         3d3       100%        5
 Dispersal                Tloc           0%         N/A       100%        6
 Eringya's Noxious Bog    Tmut/Pois      0%         N/A       100%        6
 Simulacrum               Ice/Necr       17%        N/A       100%        6
 Summon Cactus Giant      Summ           0%         N/A       100%        6
 Orb of Destruction       Conj           0%         9d5       100%        7
 Ozocubu's Refrigeration  Ice            0%         4d7       100%        7
 Spellforged Servitor     Conj/Summ      0%         N/A       100%        7
 Summon Hydra             Summ           0%         N/A       100%        7
 Disjunction              Tloc           0%         N/A       100%        8
 Dragon's Call            Summ           0%         N/A       100%        9
 Polar Vortex             Ice            0%         N/A       100%        9
 Sublimation of Blood     Necr           Unusable   N/A       N/A         2
 Wereblood                Tmut           Unusable   N/A       N/A         2
 Blade Hands              Tmut           Unusable   N/A       N/A         5
 Statue Form              Tmut/Erth      Unusable   N/A       N/A         6
 Dragon Form              Tmut           Unusable   N/A       N/A         7

Dungeon Overview and Level Annotations

Branches:
Dungeon (14/15)            Temple (1/1) D:5            Lair (5/5) D:9
  Swamp (0/4) Lair:2        Snake (0/4) Lair:3        Slime (0/5) Lair:4
    Orc (2/2) D:9             Elf (1/3) Orc:2        Vaults (0/5) D:14
Volcano (visited)         Gauntlet (visited)

Altars:
Ashenzari
Cheibriados
Dithmenos
Fedhas
Gozag
Hepliaklqana
Kikubaaqudgha
Makhleb
Nemelex Xobeh
Okawaru
Qazlal
Ru
Sif Muna
Trog
Uskayaw
Vehumet
Wu Jian
Xom
Yredelemnul
Jiyva

Shops:
D:12 ::*([   D:13 =   Orc:2 :[=*   Elf:1 *

Annotations:
D:9 3 runed translucent doors, WhatIsLove's ghost, novice TeCj
D:11 Azrael
D:12 2 transporters, kMk's ghost, adept OgNe
D:14 1 runed translucent door, Feivi's ghost, adept NaHu; Rupert
Lair:1 3 runed translucent doors, Yvirchipe's ghost, journeyman DECj
Lair:4 1 runed translucent door, Inib's ghost, journeyman TrFi


Innate Abilities, Weirdness & Mutations

You are immune to poison.
Your flesh is cold resistant. (rC+)
You are immune to negative energy. (rN+++)
You are immune to unholy pain and torment.
You are vulnerable to heat. (rF-)
You are strongly in touch with the powers of death.
You do not drink.
You have a special connection with the divine. (Faith)


Message History

The deep elf knight gestures at you while chanting.
The lance of force hits you.
You are knocked back by the lance of force.
You slam into the rock wall!
The deep elf high priest mumbles some strange prayers to its god.
The deep elf high priest begins emitting a brilliant aura!
The deep elf archer is empowered by the deep elf high priest's aura! x2
The deep elf archer shoots an arrow.
The arrow closely misses you.
The deep elf archer shoots an arrow.
The arrow hits the deep elf knight!
The boulder beetle curls into a ball and begins rolling!
You're too confused to move!
The deep elf archer points at you and mumbles some strange words.
You easily resist.
The deep elf high priest shoots an arrow.
The arrow hits you but does no damage.
The deep elf archer shoots an arrow.
The arrow hits you but does no damage. The deep elf knight barely misses you.
The boulder beetle hits you.
The boulder beetle stops rolling and uncurls.
You bump into the rock wall.
The deep elf knight hits you with a +0 short sword!
The deep elf archer shoots an arrow.
The arrow closely misses you.
The boulder beetle bites you but does no damage.
The deep elf high priest shoots an arrow.
The arrow hits you.
* * * LOW HITPOINT WARNING * * *
The deep elf knight hits you but does no damage.
The deep elf knight casts a spell at you.
The lance of force hits you!!
* * * LOW HITPOINT WARNING * * *
Xom is interested.
You are knocked back by the lance of force.
You slam into the rock wall!
The boulder beetle leaps!
The deep elf high priest shoots an arrow.
The arrow hits you but does no damage.
There is an open door here.
The glowing orange brain pulsates.
The deep elf knight casts a spell at you.
The lance of force hits you!!
You die...
Xom laughs nastily!

.........#...## #..#. #).
### .##.##...#...#
8........ )##'#....#...#
###8.....).. ...).....#...#
#.##..#..#.. .............#
#.#8...e.... ##
.....#.#####.###.#8..GEe...
#.
.....#..####..##e##eE#e'#''
.
.....+.........'...........
....############@....######
#..## ##...## #### #####


You could see a glowing orange brain, 2 deep elf archers, a deep elf knight
(fast, invisible), a deep elf high priest (brilliance aura), 2 earth elementals
and a deep elf pyromancer (summoned, wandering).

Vanquished Creatures
  A deep elf sorcerer (Elf:1)
  A minotaur (Gauntlet)
  A red draconian (Volcano)
  Snorg (D:11)
  Josephine (D:11)
  A hydra (D:11)
  2 centaur warriors
  A satyr (D:11)
  4 boulder beetles
  7 two-headed ogres
  4 dancing weapons (Elf:1)
  A tengu warrior (Gauntlet)
  5 orc high priests
  9 death yaks
  9 deep elf knights
  Amaemon (D:8)
  A salamander mystic (Volcano)
  A skeletal warrior (D:12)
  A sea snake (Lair:2)
  9 deep elf archers (Elf:1)
  4 orc knights (Orc:2)
  6 orc sorcerers
  A wizard (D:11)
  11 deep elf pyromancers
  7 deep elf zephyrmancers (Elf:1)
  An ugly thing (D:11)
  A manticore (D:11)
  3 cyclopes
  6 salamanders (Volcano)
  2 black mambas
  A torpor snail (Lair:4)
  A gargoyle (D:13)
  An orange demon (D:8)
  A rime drake (Lair:1)
  8 cane toads
  2 unseen horrors (D:11)
  3 tengu conjurers
  A freezing wraith (D:11)
  10 komodo dragons
  9 trolls
  A meliai (shapeshifter) (Elf:1)
  3 meliai (D:14)
  5 polar bears
  5 hornets (Lair:5)
  Grinder (D:4)
  3 dream sheep
  24 blink frogs
  3 vampires
  18 yaks
  14 spriggans
  A shadow (D:12)
  4 wyverns
  A water elemental (Elf:1)
  5 wraiths (D:11)
  A fire elemental (Elf:1)
  3 basilisks
  A human (shapeshifter) (D:13)
  A human (D:9)
  8 vampire mosquitoes
  Menkaure (D:4)
  3 wargs
  An acid dragon (shapeshifter) (D:13)
  3 acid dragons
  2 nagas (Lair:3)
  A floating eye (shapeshifter) (D:13)
  13 water moccasins
  7 black bears
  A sky beast (D:6)
  A swamp drake (D:10)
  21 orc warriors
  An ice beast (D:7)
  30 wolves
  2 ogres
  A tengu (D:5)
  3 boggarts
  3 centaurs
  A phantom (D:5)
  2 kobold brigands
  5 bullfrogs
  A necrophage (D:6)
  An earth elemental (Elf:1)
  2 scorpions
  7 wights
  7 killer bees
  4 electric eels
  3 howler monkeys
  3 lava snakes (D:10)
  A gnoll bouda (D:7)
  7 jellies
  24 orc priests
  3 hounds (D:5)
  2 iguanas
  32 orc wizards
  Ijyb (D:5)
  5 adders
  A white imp (D:6)
  An ufetubus (D:6)
  3 worms
  6 dart slugs
  72 orcs
  7 ball pythons
  6 bats
  12 endoplasms
  3 giant cockroaches
  5 goblins
  5 hobgoblins
  4 jackals
  5 quokkas
  5 frilled lizards
  17 kobolds
  2 rats
601 creatures vanquished.

Vanquished Creatures (collateral kills)
  A tengu warrior (Gauntlet)
  2 skeletal warriors (D:12)
  A deep elf archer (Elf:1)
  The ghost of WhatIsLove the Destroyer, a novice TeCj of Sif Muna (D:6)
  An orc sorcerer (Orc:1)
  A cyclops (D:11)
  A black mamba (Lair:1)
  A rime drake (Lair:1)
  A tengu conjurer (Gauntlet)
  A troll (D:9)
  Prince Ribbit (D:5)
  A shadow (D:9)
  Sigmund (D:4)
  A fire elemental (D:12)
  A wraith (D:6)
  5 yaks
  A warg (Orc:1)
  2 hell hounds (D:12)
  An ice beast (D:6)
  2 orc warriors
  2 ogres
  2 centaurs
  A bullfrog (D:6)
  A gnoll sergeant (D:11)
  A howler monkey (D:5)
  A gnoll bouda (D:6)
  2 orc priests (Orc:1)
  A jelly (D:6)
  An orc wizard (Orc:1)
  5 gnolls (D:11)
  4 orcs
48 creatures vanquished.

Vanquished Creatures (others)
  A dancing weapon (D:11)
  A tengu conjurer (Gauntlet)
  A hornet (Lair:5)
  A raiju (shapeshifter) (D:11)
  2 spriggans (Lair:5)
  An orc warrior (Orc:2)
  A boggart (Lair:5)
  2 wights
  A killer bee (D:5)
  2 orcs
  30 fungi
  94 plants
137 creatures vanquished.

Grand Total: 786 creatures vanquished

Notes
Turn   | Place    | Note
-------+----------+-------------------------------------------
     0 | D:1      | Anon1729 the Mummy Chaos Knight began the quest for the
                  | Orb.
     0 | D:1      | Reached XP level 1. HP: 18/18 MP: 1/1
   110 | D:1      | XOM: potion effect (curing)
   111 | D:1      | Reached skill level 1 in Dodging
   123 | D:1      | XOM: potion effect (brilliance)
   139 | D:1      | Reached XP level 2. HP: 16/24 MP: 2/2
   147 | D:1      | XOM: cloud trail
   475 | D:1      | XOM: silly message
   624 | D:2      | XOM: stealth player
   630 | D:2      | Gained mutation: You are in touch with the powers of death.
                  | [Mummy growth]
   630 | D:2      | Reached XP level 3. HP: 29/29 MP: 3/3
   651 | D:2      | You fall into a shaft and drop 2 floors!
   670 | D:4      | XOM: noise
   673 | D:4      | Noticed Grinder
   678 | D:4      | Noticed Menkaure
   681 | D:4      | Paralysed by Grinder for 5 turns
   684 | D:4      | XOM: cast spell 'Leda's Liquefaction'
   687 | D:4      | XOM: potion effect (curing)
   776 | D:3      | Found a broken altar of Ashenzari.
   782 | D:3      | Found a shimmering blue altar of Sif Muna.
   787 | D:3      | XOM: blink monster(s)
   798 | D:3      | HP: 1/29 [worm (3)]
   901 | D:3      | XOM: silly message
  1065 | D:3      | XOM: silly message
  1248 | D:3      | Found a large runed translucent door.
  1249 | D:3      | Found a large runed translucent door.
  1565 | D:3      | Found a shadowy altar of Dithmenos.
  1569 | D:3      | Reached XP level 4. HP: 37/37 MP: 4/4
  1571 | D:3      | Found an ornate altar of the Wu Jian Council.
  1584 | D:3      | Found a burning altar of Makhleb.
  1808 | D:2      | XOM: blink monster(s)
  2036 | D:2      | Found a faded altar of an unknown god.
  2059 | D:2      | XOM: noise
  2433 | D:3      | Found a sacrificial altar of Ru.
  2442 | D:3      | Found an opulent altar of Gozag.
  2495 | D:4      | XOM: divination: detect items
  2504 | D:4      | XOM: enchant monster (good)
  2508 | D:4      | Reached XP level 5. HP: 42/42 MP: 5/5
  2566 | D:4      | Found a stormy altar of Qazlal.
  2569 | D:4      | Noticed an air elemental
  2569 | D:4      | Noticed a fire elemental
  2569 | D:4      | Noticed a water elemental
  2579 | D:4      | Noticed a black bear
  2585 | D:4      | XOM: potion effect (brilliance)
  2591 | D:4      | Killed a black bear
  2592 | D:4      | Reached skill level 1 in Necromancy
  2611 | D:4      | XOM: noise
  2617 | D:4      | Paralysed by Grinder for 3 turns
  2634 | D:4      | XOM: cast spell 'Summon Cactus Giant'
  2636 | D:4      | Paralysed by Grinder for 5 turns
  2637 | D:4      | XOM: cast spell 'Leda's Liquefaction'
  2663 | D:4      | Paralysed by Grinder for 3 turns
  2667 | D:4      | Killed Grinder
  2668 | D:4      | Reached skill level 1 in Staves
  2668 | D:4      | Reached skill level 1 in Evocations
  2668 | D:4      | Reached XP level 6. HP: 49/49 MP: 6/6
  2740 | D:4      | XOM: scenery: summon butterflies
  2741 | D:4      | Noticed Sigmund
  2754 | D:4      | XOM: summons friendly white imp
  2757 | D:4      | Killed Sigmund
  2758 | D:4      | Reached XP level 7. HP: 33/55 MP: 7/7
  2785 | D:4      | XOM: cloud trail
  2936 | D:4      | XOM: summons friendly shadow imp
  2939 | D:4      | Killed Menkaure
  2963 | D:4      | XOM: polymorph shadow imp -> white imp
  3014 | D:4      | XOM: polymorph white imp -> ufetubus
  3068 | D:5      | Entered Level 5 of the Dungeon
  3079 | D:5      | Noticed Prince Ribbit
  3079 | D:5      | XOM: summons friendly ufetubus
  3082 | D:5      | XOM: divination: detect creatures
  3086 | D:5      | XOM: summons 2 friendly demons
  3106 | D:5      | Killed Prince Ribbit
  3107 | D:5      | Reached skill level 5 in Fighting
  3154 | D:5      | XOM: cast spell 'Summon Hydra'
  3158 | D:5      | Reached XP level 8. HP: 62/62 MP: 8/8
  3237 | D:5      | XOM: noise
  3316 | D:5      | XOM: polymorph hound -> tengu
  3325 | D:5      | XOM: repel stairs
  3392 | D:5      | Found a staircase to the Ecumenical Temple.
  3440 | D:5      | XOM: potion effect (haste)
  3473 | D:5      | XOM: potion effect (curing)
  3485 | Temple   | Entered the Ecumenical Temple
  3534 | Temple   | XOM: smoke on damage
  3538 | Temple   | XOM: cast spell 'Summon Small Mammal'
  3573 | D:5      | XOM: noise
  3581 | D:5      | XOM: 1-stop teleportation journey
  3645 | D:5      | XOM: 2-stop teleportation journey
  3693 | D:5      | Found an iron altar of Okawaru.
  3740 | D:5      | XOM: swap monsters
  3870 | D:5      | Found a snail-covered altar of Cheibriados.
  3907 | D:5      | XOM: potion effect (invisibility)
  3968 | D:5      | XOM: cloud trail
  4065 | D:5      | XOM: polymorph ogre -> wyvern
  4066 | D:5      | XOM: confuse monster(s)
  4238 | D:5      | XOM: cast spell 'Summon Small Mammal'
  4253 | D:5      | Noticed Ijyb
  4253 | D:5      | XOM: cast spell 'Summon Ice Beast'
  4276 | D:5      | XOM: chaos upgrade
  4284 | D:5      | Killed Ijyb
  4286 | D:5      | XOM: scenery: summon butterflies
  4577 | D:6      | Reached XP level 9. HP: 69/69 MP: 9/9
  4592 | D:6      | XOM: god gift: encrusted bone wand {god gift}
  4628 | D:6      | XOM: god gift: scroll labelled LALAGEAWABA {god gift}
  4638 | D:6      | XOM: scenery: summon butterflies
  4826 | D:6      | XOM: god gift: staff of death
  5075 | D:6      | XOM: divination: detect items
  5101 | D:6      | Found a runed translucent gate.
  5102 | D:6      | Found a runed translucent gate.
  5103 | D:6      | Found a runed translucent gate.
  5103 | D:6      | Noticed WhatIsLove's ghost (novice TeCj)
  5131 | D:6      | XOM: scenery: create altars
  5132 | D:6      | XOM: cast spell 'Summon Dragon'
  5150 | D:6      | Reached skill level 5 in Armour
  5269 | D:6      | Killed WhatIsLove's ghost
  5270 | D:6      | Reached skill level 5 in Necromancy
  5535 | D:7      | XOM: god gift: 35 gold pieces
  5568 | D:7      | XOM: scenery: summon butterflies
  5638 | D:7      | XOM: 3-stop teleportation journey
  5689 | D:7      | XOM: scenery: create altars
  5727 | D:7      | XOM: stat loss: -1 Dex (10/11)
  5731 | D:7      | XOM: blink monster(s)
  5733 | D:7      | XOM: fog
  5877 | D:7      | Found a bloodstained altar of Trog.
  5911 | D:7      | XOM: confuse monster(s)
  5912 | D:7      | Reached XP level 10. HP: 79/79 MP: 10/10
  5912 | D:7      | XOM: summons friendly quasit
  5920 | D:7      | XOM: 8-stop teleportation journey
  6051 | D:7      | Reached skill level 5 in Staves
  6076 | D:7      | XOM: stat loss: -1 Dex (10/11)
  6142 | D:7      | XOM: 1-stop teleportation journey
  6411 | D:8      | XOM: cast spell 'Summon Ice Beast'
  6433 | D:7      | XOM: confusion (+ monsters)
  6660 | D:8      | Noticed Amaemon
  6661 | D:8      | Noticed an orange demon
  6674 | D:8      | Reached skill level 5 in Evocations
  6678 | D:8      | Killed an orange demon
  6680 | D:8      | Killed Amaemon
  6704 | D:8      | XOM: god gift: book of Decay
  6723 | D:8      | XOM: scenery: create altars
  6746 | D:8      | XOM: god gift: 34 gold pieces
  7055 | D:8      | XOM: enchant monster (good)
  7079 | D:9      | XOM: scenery: create altars
  7081 | D:9      | XOM: cast spell 'Alistair's Intoxication'
  7178 | D:8      | XOM: polymorph yak -> spriggan
  7180 | D:8      | XOM: potion effect (experience)
  7180 | D:8      | Reached XP level 11. HP: 64/89 MP: 11/11
  7223 | D:8      | XOM: potion effect (curing)
  7253 | D:8      | XOM: potion effect (heal wounds)
  7302 | D:8      | XOM: potion effect (heal wounds)
  7312 | D:8      | XOM: potion effect (might)
  7314 | D:8      | XOM: potion effect (brilliance)
  7317 | D:8      | XOM: smoke on damage
  7319 | D:8      | XOM: potion effect (brilliance)
  7387 | D:9      | XOM: potion effect (brilliance)
  7460 | D:9      | Found a staircase to the Orcish Mines.
  7479 | D:9      | XOM: potion effect (invisibility)
  7515 | D:9      | XOM: polymorph warg -> human
  7583 | D:9      | XOM: noise
  7600 | D:9      | XOM: god gift: wand of digging (6)
  7609 | D:9      | XOM: scenery: summon butterflies
  7623 | D:9      | Found a runed translucent gate.
  7623 | D:9      | Found a runed translucent gate.
  7623 | D:9      | Found a runed translucent gate.
  7628 | D:9      | Found an opulent altar of Gozag.
  7630 | D:9      | Noticed WhatIsLove's ghost (novice TeCj)
  7641 | D:9      | XOM: confuse monster(s)
  7666 | D:8      | XOM: god gift: shortbow {god gift}
  7786 | D:9      | XOM: cast spell 'Call Canine Familiar'
  7809 | D:9      | XOM: 1-stop teleportation journey
  7832 | D:9      | XOM: noise
  7877 | D:9      | Found a staircase to the Lair.
  8021 | D:9      | XOM: summons 6 hostile demons
  8083 | D:9      | XOM: 9-stop teleportation journey
  8126 | D:9      | Noticed a two-headed ogre
  8127 | D:9      | XOM: silly message
  8139 | D:9      | Killed a two-headed ogre
  8140 | D:9      | Reached skill level 10 in Fighting
  8140 | D:9      | Reached XP level 12. HP: 97/97 MP: 12/12
  8284 | D:10     | Entered Level 10 of the Dungeon
  8367 | D:10     | Noticed a two-headed ogre
  8378 | D:10     | Killed a two-headed ogre
  8509 | D:10     | Noticed a centaur warrior
  8532 | D:10     | Killed a centaur warrior
  8579 | D:10     | Found a hide-covered altar of Uskayaw.
  8648 | D:10     | XOM: polymorph orc wizard -> swamp drake
  8747 | D:10     | XOM: god gift: 36 gold pieces
  8751 | D:10     | XOM: scenery: create altars
  9065 | D:11     | Noticed a boulder beetle
  9072 | D:11     | XOM: 1-stop teleportation journey
  9131 | D:11     | Noticed Snorg
  9138 | D:11     | XOM: summons 4 friendly demons
  9201 | D:11     | XOM: summons friendly white imp
  9255 | D:11     | Noticed a two-headed ogre
  9263 | D:11     | Killed a two-headed ogre
  9295 | D:11     | Killed Snorg
  9616 | D:11     | XOM: summons 5 friendly demons
  9630 | D:11     | XOM: summons friendly shadow imp
  9712 | D:11     | XOM: fog
  9719 | D:11     | XOM: cloud trail
  9788 | D:11     | XOM: destruction
  9797 | D:11     | Identified the ring "Odistit" {rF+ rN+ rCorr Dex+4 Stlth+}
  9812 | D:11     | XOM: divine lightning
  9823 | D:11     | Noticed a four-headed hydra
  9824 | D:11     | Identified the ring "Porph" {rC++ MP+9}
  9831 | D:11     | XOM: summons friendly quasit
  9835 | D:11     | Killed a four-headed hydra
  9861 | D:11     | XOM: scenery: summon butterflies
 10017 | D:11     | XOM: 2-stop teleportation journey
 10072 | D:11     | XOM: god gift: Xom's Quarto of the Tuna {god gift}
 10073 | D:11     | Got Xom's Quarto of the Tuna {god gift}
 10230 | D:11     | XOM: summons friendly quasit
 10275 | D:11     | Noticed a two-headed ogre
 10280 | D:11     | XOM: enchant monster (good)
 10282 | D:11     | Killed a two-headed ogre
 10369 | D:11     | Identified the ring "Yvuoseuj" {Fly rC+}
 10372 | D:11     | Identified the ring of Lady Luck {Fire Fly MP+9}
 10408 | D:11     | XOM: summons 3 hostile demons
 10415 | D:11     | XOM: confusion (+ monsters)
 10434 | D:10     | XOM: stat loss: -1 Int (11/12)
 10500 | D:10     | XOM: god gift: chain mail {god gift}
 10566 | D:10     | XOM: silly message
 10688 | D:11     | XOM: summons 4 friendly demons
 10709 | D:11     | Killed a boulder beetle
 10710 | D:11     | Reached skill level 10 in Necromancy
 11112 | D:12     | Noticed a two-headed ogre
 11112 | D:12     | Identified the +7 great mace "Qiaghu Bept" {venom, rElec
                  | rF+ Will++ Int+2}
 11112 | D:12     | Noticed an ettin
 11112 | D:12     | Noticed a two-headed ogre
 11112 | D:12     | Found a transporter.
 11115 | D:12     | Noticed a boulder beetle
 11119 | D:12     | XOM: enchant monster (bad)
 11132 | D:11     | Killed a two-headed ogre
 11160 | D:12     | Noticed a two-headed ogre
 11179 | D:12     | a boulder beetle changed into a satyr
 11179 | D:12     | Noticed a satyr
 11179 | D:12     | XOM: polymorph boulder beetle -> satyr
 11181 | D:11     | XOM: summons 2 hostile demons
 11182 | D:11     | XOM: confusion
 11193 | D:11     | XOM: summons 1 hostile demon
 11202 | D:11     | Killed a satyr
 11252 | D:12     | Noticed a two-headed ogre
 11257 | D:12     | Found Ynass's Book Shop.
 11299 | D:12     | XOM: enchant monster (bad)
 11302 | D:12     | XOM: enchant monster (bad)
 11303 | D:12     | XOM: enchant monster (good)
 11344 | D:12     | Found Kidu's Weapon Boutique.
 11368 | D:12     | XOM: cleaving
 11401 | D:12     | Noticed Josephine
 11401 | D:12     | XOM: scenery: summon butterflies
 11402 | D:12     | XOM: confusion (+ monsters)
 11403 | D:12     | XOM: chaos cloud
 11413 | D:12     | Noticed a two-headed ogre
 11420 | D:12     | XOM: repel stairs
 11437 | D:12     | XOM: stat loss: -1 Str (19/20)
 11445 | D:11     | XOM: summons friendly quasit
 11454 | D:11     | XOM: summons 7 hostile demons
 11471 | D:11     | XOM: polymorph iron imp -> crimson imp
 11473 | D:11     | XOM: enchant monster (bad)
 11482 | D:11     | Identified the +2 scale mail of the Valley {-Tele rElec rF+
                  | Int+5} (Xom gifted it to you on level 11 of the Dungeon)
 11482 | D:11     | XOM: god gift: +2 scale mail of the Valley {-Tele rElec rF+
                  | Int+5}
 11511 | D:11     | XOM: divination: detect creatures
 11548 | D:11     | XOM: divination: detect items
 11551 | D:11     | XOM: cleaving
 11553 | D:11     | XOM: divination: detect creatures
 11588 | D:11     | XOM: confuse monster(s)
 11591 | D:11     | Gained mutation: You are strongly in touch with the powers
                  | of death. [Mummy growth]
 11591 | D:11     | Reached XP level 13. HP: 106/106 MP: 13/13
 11620 | D:12     | XOM: swap monsters
 11627 | D:12     | XOM: enchant monster (good)
 11632 | D:12     | XOM: confusion
 11679 | D:12     | XOM: destruction
 11682 | D:12     | XOM: enchant monster (bad)
 11694 | D:12     | XOM: summons 7 hostile demons
 11697 | D:12     | Found Vuyfasch's Armour Emporium.
 11697 | D:12     | XOM: 1-stop teleportation journey
 11743 | D:12     | XOM: summons 4 hostile shadow creatures
 11786 | D:11     | XOM: silly message
 11882 | D:12     | Noticed Azrael
 11912 | D:12     | Found Plog's Book Shop.
 11912 | D:12     | XOM: 6-stop teleportation journey
 11921 | D:12     | XOM: cleaving
 12006 | D:11     | XOM: fog
 12017 | D:11     | Killed Josephine
 12076 | D:12     | XOM: confusion
 12219 | D:11     | XOM: confusion
 12226 | D:11     | XOM: chaos cloud
 12228 | D:11     | Paralysed by you for 3 turns
 12329 | D:11     | XOM: stat loss: -1 Int (11/12)
 12342 | D:12     | Found a transporter.
 12405 | D:12     | Found Zithreda's Assorted Antiques.
 12419 | D:12     | Bought a glowing orb for 240 gold pieces
 12508 | D:12     | Noticed kMk's ghost (adept OgNe)
 12740 | D:13     | XOM: silly message
 12750 | D:13     | XOM: enchant monster (bad)
 12818 | D:13     | XOM: summons 3 hostile demons
 12987 | D:13     | Found Rirohuaj's Jewellery Emporium.
 12994 | D:13     | XOM: scenery: 1 doors open
 13034 | D:13     | XOM: scenery: create altars
 13066 | D:14     | Noticed Rupert
 13080 | D:13     | XOM: scenery: create altars
 13114 | D:13     | XOM: summons 8 friendly demons
 13193 | D:13     | XOM: enchant monster (bad)
 13361 | D:13     | XOM: chaos cloud
 13491 | D:14     | XOM: noise
 13504 | D:13     | XOM: repel stairs
 13536 | D:13     | XOM: enchant monster (bad)
 13537 | D:13     | XOM: polymorph shock serpent -> glowing shapeshifter
 13695 | D:14     | XOM: summons 1 hostile shadow creature
 13724 | D:14     | XOM: enchant monster (bad)
 13725 | D:14     | XOM: confusion (+ monsters)
 13746 | D:14     | XOM: stat loss: -1 Int (11/12)
 13750 | D:14     | XOM: silly message
 14008 | D:14     | XOM: stat loss: -1 Dex (14/15)
 14014 | D:14     | Identified the amulet of Patience {Reflect rCorr Dex+4
                  | SH+5}
 14024 | D:14     | XOM: confusion
 14026 | D:14     | XOM: scenery: create altars
 14027 | D:14     | XOM: enchant monster (good)
 14031 | D:14     | XOM: polymorph snapping turtle -> shapeshifter
 14078 | D:14     | Found a runed translucent door.
 14082 | D:14     | Noticed Feivi's ghost (adept NaHu)
 14128 | D:14     | Found a gate to the Vaults.
 14221 | Lair:1   | Entered Level 1 of the Lair of Beasts
 14243 | Lair:1   | XOM: summons 8 friendly demons
 14363 | Lair:1   | XOM: summons 4 friendly demons
 14464 | Lair:1   | Noticed Yvirchipe's ghost (journeyman DECj)
 14466 | Lair:1   | Found a runed translucent gate.
 14466 | Lair:1   | Found a runed translucent gate.
 14467 | Lair:1   | Found a runed translucent gate.
 14673 | Lair:1   | XOM: confuse monster(s)
 14674 | Lair:1   | XOM: cleaving
 14756 | Lair:1   | XOM: 3-stop teleportation journey
 14822 | Lair:1   | XOM: enchant monster (bad)
 15103 | Lair:1   | XOM: scenery: 1 doors close
 15296 | Lair:2   | XOM: cleaving
 15298 | Lair:2   | XOM: polymorph water moccasin -> ogre
 15353 | Lair:2   | XOM: summons 2 hostile demons
 15408 | Lair:2   | Found a staircase to the Swamp.
 15409 | Lair:2   | XOM: confuse monster(s)
 15440 | Lair:2   | XOM: summons friendly crimson imp
 15443 | Lair:2   | XOM: summons friendly ufetubus
 15446 | Lair:2   | XOM: potion effect (haste)
 15466 | Lair:2   | XOM: swap monsters
 15687 | Lair:2   | XOM: chaos cloud
 15693 | Lair:2   | Paralysed by you for 2 turns
 15720 | Lair:2   | Noticed Fannar
 15730 | Lair:2   | XOM: stat loss: -1 Dex (13/15)
 15733 | Lair:2   | XOM: noise
 15739 | Lair:2   | XOM: 5-stop teleportation journey
 15973 | Lair:2   | XOM: god gift: scroll of enchant armour
 16012 | Lair:2   | XOM: butterfly on damage
 16305 | Lair:2   | XOM: god gift: wand of roots (4)
 16382 | Lair:2   | Fannar changed into Fannar the sea snake
 16382 | Lair:2   | Noticed Fannar
 16382 | Lair:2   | XOM: polymorph Fannar -> Fannar the sea snake
 16388 | Lair:2   | Killed Fannar the sea snake
 16415 | Lair:2   | XOM: noise
 16469 | Lair:3   | XOM: god gift: 9 gold pieces
 16630 | Lair:3   | XOM: 6-stop teleportation journey
 16723 | Lair:3   | Found a staircase to the Snake Pit.
 17217 | Lair:3   | XOM: summons 2 hostile shadow creatures
 17559 | Lair:4   | Noticed Inib's ghost (journeyman TrFi)
 17563 | Lair:4   | Found a runed translucent door.
 17575 | Lair:4   | XOM: destruction
 17582 | Lair:4   | Reached XP level 14. HP: 108/115 MP: 14/14
 17593 | Lair:4   | XOM: polymorph water moccasin -> basilisk
 17611 | Lair:4   | XOM: 5-stop teleportation journey
 17643 | Lair:4   | XOM: potion effect (might)
 17649 | Lair:4   | XOM: summons 6 hostile demons
 17665 | Lair:4   | XOM: silly message
 17906 | Lair:4   | Found a viscous altar of Jiyva.
 17906 | Lair:4   | Found a staircase to the Slime Pits.
 17906 | Lair:4   | XOM: 2-stop teleportation journey
 17942 | Lair:4   | XOM: 3-stop teleportation journey
 17950 | Lair:4   | XOM: silly message
 18115 | Lair:4   | XOM: 1-stop teleportation journey
 18132 | Lair:4   | XOM: summons 2 friendly demons
 18133 | Lair:4   | XOM: enchant monster (bad)
 18136 | Lair:4   | XOM: silly message
 18231 | Lair:4   | XOM: silly message
 18510 | Lair:4   | XOM: god gift: 20 gold pieces
 18726 | Lair:5   | Entered Level 5 of the Lair of Beasts
 18768 | Lair:5   | Found a gate leading to a gauntlet.
 18779 | Gauntlet | Entered a Gauntlet
 18779 | Gauntlet | Found a transporter.
 18779 | Gauntlet | Found a transporter.
 18779 | Gauntlet | Found a transporter.
 18800 | Gauntlet | Found a transporter.
 18801 | Gauntlet | Found a transporter.
 18804 | Gauntlet | Found a transporter.
 18808 | Gauntlet | Found a runed translucent door.
 18808 | Gauntlet | Found a runed translucent door.
 18812 | Gauntlet | Found a transporter.
 18813 | Gauntlet | Found a transporter.
 18815 | Gauntlet | Found a transporter.
 18815 | Gauntlet | Found a transporter.
 18822 | Gauntlet | Noticed a quicksilver ooze
 18823 | Gauntlet | Found a transporter.
 18824 | Gauntlet | Found a transporter.
 19044 | Gauntlet | XOM: destruction
 19055 | Gauntlet | XOM: summons 10 friendly demons
 19104 | Gauntlet | XOM: noise
 19107 | Gauntlet | Identified the amulet of Licziyz {Reflect rF+ rC- Str+3
                  | SH+5 Stlth+}
 19136 | Gauntlet | Reached skill level 10 in Staves
 19175 | Gauntlet | XOM: stat loss: -1 Int (11/12)
 19307 | Lair:5   | XOM: silly message
 19316 | Lair:5   | XOM: swap monsters
 19329 | Lair:5   | XOM: enchant monster (bad)
 19365 | Lair:5   | XOM: 1-stop teleportation journey
 19368 | Lair:5   | XOM: divination: detect items
 19375 | Lair:5   | XOM: scenery: 2 doors close
 19383 | Lair:5   | XOM: enchant monster (good)
 19387 | Lair:5   | XOM: confuse monster(s)
 19392 | Lair:5   | XOM: noise
 19403 | Lair:5   | XOM: enchant monster (bad)
 19422 | Lair:5   | XOM: divination: detect creatures
 19427 | Lair:5   | XOM: blink monster(s)
 19429 | Lair:5   | XOM: cleaving
 19441 | Lair:5   | XOM: cleaving
 19446 | Lair:5   | XOM: confuse monster(s)
 19452 | Lair:5   | XOM: confuse monster(s)
 19621 | Lair:5   | XOM: cleaving
 19628 | Lair:5   | XOM: 5-stop teleportation journey
 19676 | Lair:5   | XOM: cleaving
 19699 | Lair:5   | XOM: scenery: create altars
 19817 | Lair:5   | XOM: confuse monster(s)
 19822 | Lair:5   | XOM: scenery: create altars
 19956 | Lair:5   | XOM: god gift: potion of heal wounds
 20042 | Lair:5   | Identified the ring "Ygekkok" {Fire Will- rCorr Str+8
                  | Int-4} (Xom gifted it to you on level 5 of the Lair of
                  | Beasts)
 20042 | Lair:5   | XOM: god gift: ring "Ygekkok" {Fire Will- rCorr Str+8
                  | Int-4}
 20325 | Lair:5   | XOM: destruction
 20575 | Orc:1    | Entered Level 1 of the Orcish Mines
 20592 | Orc:1    | XOM: scenery: create altars
 20596 | Orc:1    | XOM: polymorph orc warrior -> howler monkey
 20747 | Orc:1    | Found a dark tunnel.
 20767 | Orc:1    | XOM: cloud trail
 20815 | Orc:1    | XOM: god gift: 6 stones
 20837 | Volcano  | Entered a volcano
 20855 | Volcano  | XOM: scenery: 4 doors open
 20865 | Volcano  | XOM: blink monster(s)
 20875 | Volcano  | Reached skill level 10 in Armour
 21084 | Volcano  | Found a bloodstained altar of Trog.
 21085 | Volcano  | XOM: 4-stop teleportation journey
 21100 | Volcano  | XOM: fog
 21115 | Volcano  | Reached XP level 15. HP: 88/123 MP: 15/15
 21207 | Volcano  | XOM: divination: magic mapping
 21208 | Volcano  | XOM: cleaving
 21227 | Volcano  | Identified the +7 fire dragon scales of Fuxaih Yzxi {Drain
                  | rF++ rC- Int+6}
 21247 | Volcano  | XOM: cleaving
 21249 | Volcano  | XOM: chaos upgrade
 21303 | Orc:1    | XOM: silly message
 21369 | Orc:1    | XOM: enchant monster (good)
 21379 | Orc:1    | XOM: noise
 21534 | Orc:2    | Entered Level 2 of the Orcish Mines
 21549 | Orc:2    | XOM: noise
 21565 | Orc:2    | XOM: polymorph orc wizard -> scorpion
 21604 | Orc:2    | XOM: summons 6 hostile demons
 21961 | Orc:2    | Found a staircase to the Elven Halls.
 22176 | Orc:2    | XOM: stat loss: -1 Str (24/25)
 22264 | Orc:2    | XOM: silly message
 22331 | Orc:2    | Found Xulas Ykh's Assorted Antiques.
 22331 | Orc:2    | XOM: summons 1 hostile shadow creature
 22370 | Orc:2    | XOM: confuse monster(s)
 22387 | Orc:2    | XOM: silly message
 22391 | Orc:2    | XOM: noise
 22403 | Orc:2    | XOM: chaos upgrade
 22404 | Orc:2    | XOM: cast spell 'Dispersal'
 22429 | Orc:2    | XOM: cast spell 'Cause Fear'
 22435 | Orc:2    | XOM: noise
 22809 | Orc:2    | XOM: cast spell 'Summon Ice Beast'
 22826 | Orc:2    | Found Eramu's Jewellery Shop.
 22827 | Orc:2    | Found Cuheicep's Book Shoppe.
 22876 | Orc:2    | Found Kucwa's Armour Shoppe.
 22878 | Orc:2    | Bought a scroll of teleportation for 84 gold pieces
 23058 | Orc:2    | XOM: confuse monster(s)
 23061 | Orc:2    | XOM: confuse monster(s)
 23222 | Elf:1    | Entered Level 1 of the Elven Halls
 23317 | Elf:1    | XOM: divination: detect items
 23353 | Elf:1    | XOM: divination: detect items
 23359 | Elf:1    | XOM: confuse monster(s)
 23362 | Elf:1    | XOM: enchant monster (good)
 23383 | Elf:1    | XOM: enchant monster (bad)
 23503 | Elf:1    | XOM: 1-stop teleportation journey
 23506 | Elf:1    | XOM: potion effect (might)
 23511 | Elf:1    | HP: 5/124 [+2 scimitar of holy wrath (18)]
 23513 | Elf:1    | HP: 1/124 [burnt (3)]
 23513 | Elf:1    | Found Paguirchaf's General Store.
 23580 | Elf:1    | XOM: cloud trail
 23825 | Elf:1    | Bought a scroll of teleportation for 45 gold pieces
 23825 | Elf:1    | Bought 6 curare-tipped darts for 54 gold pieces
 23825 | Elf:1    | Bought a phial of floods for 600 gold pieces
 23825 | Elf:1    | Bought a wand of mindburst (3) for 63 gold pieces
 24010 | Elf:1    | XOM: destruction
 24024 | Elf:1    | Reached skill level 10 in Evocations
 24293 | Elf:1    | Noticed a deep elf sorcerer
 24298 | Elf:1    | XOM: 3-stop teleportation journey
 24420 | Elf:1    | XOM: cast spell 'Alistair's Intoxication'
 24422 | Elf:1    | XOM: potion effect (brilliance)
 24426 | Elf:1    | XOM: enchant monster (bad)
 24443 | Elf:1    | XOM: cleaving
 24450 | Elf:1    | XOM: cast spell 'Cause Fear'
 24740 | Elf:1    | XOM: summons friendly quasit
 24763 | Elf:1    | XOM: confuse monster(s)
 24816 | Elf:1    | XOM: potion effect (might)
 24906 | Elf:1    | XOM: god gift: 43 gold pieces
 25203 | Elf:1    | XOM: summons 4 friendly demons
 25264 | Elf:1    | XOM: cloud trail
 25280 | Elf:1    | XOM: 1-stop teleportation journey
 25319 | Elf:1    | Killed a deep elf sorcerer
 25365 | Elf:1    | XOM: summons 3 friendly demons
 25429 | Elf:1    | XOM: scenery: 2 doors close
 25541 | Elf:1    | XOM: god gift: 8 stones
 25747 | Elf:1    | XOM: scenery: 3 doors close
 25878 | Elf:1    | XOM: scenery: 3 doors close
 25970 | Elf:1    | XOM: divination: detect items
 26011 | Elf:1    | XOM: polymorph deep elf demonologist -> boulder beetle
 26013 | Elf:1    | XOM: polymorph deep elf high priest -> glowing orange brain
 26024 | Elf:1    | Killed from afar by a deep elf knight

Illustrated notes

Levels and vault maps discovered:
D:1:      ncdulo_wetmaze, layout_basic
D:2:      layout_basic, ebering_ecumenical_altar_sacrificial
D:3:      layout_loops_ring, minmay_overflow_temple_star_hex,
          jmf_multi_god_temple2, minivault_23, grunt_decor_resistance
D:4:      layout_cave_pools, nicolae_qazlal_style_of_elements,
          chequers_serial_rivers_marsh, kennysheep_nondescript,
          hangedman_decor_push, uniq_menkaure, uniq_sigmund, uniq_grinder
D:5:      layout_basic, mainiacjoe_overflow_alcove_2, kennysheep_slug_shrine,
          minmay_temple_entry_slanted, uniq_prince_ribbit1, uniq_ijyb
D:6:      layout_loops_ring, gammafunk_ghost_split,
          ebering_dispersal_statue_hall, minivault_10
D:7:      layout_basic, mainiacjoe_overflow_small_starburst,
          minmay_fractal_squares_5
D:8:      layout_rooms, grunt_ministairs_6, uniq_amaemon
D:9:      layout_cave_pools, erik_lair_orcish_takeover, orc_0_dummy,
          serial_column_ruins, column_ruins_corridor_corner,
          column_ruins_grid_1, column_ruins_corridor_corner,
          column_ruins_grid_2, column_ruins_corridor_straight,
          ebering_ghost_gozag, minmay_misc_feat_tiny, st_stairs_8
D:10:     layout_gridville, mainiacjoe_overflow_cross_hatched, kennysheep_boxes
D:11:     minmay_the_grid_triangle_9x9_recursive_2
          [minmay_the_grid_triangle_9x9_prize_special,
          minmay_the_grid_triangle_9x9_pentomino_pain,
          minmay_the_grid_triangle_9x9_dagger,
          minmay_the_grid_triangle_9x9_limited_checkers], layout_layer_cave,
          uniq_snorg
D:12:     layout_cave_pools, gammafunk_ghost_smash, serial_shops, shop,
          nicolae_diamond_shop, nicolae_shop_stone,
          nicolae_shop_overgrown_old_shop, shop, uniq_josephine, uniq_azrael
D:13:     layout_roguey, serial_shops, nicolae_square_shop
D:14:     layout_rooms, david_vaults_2, infiniplex_staircase_pool_2,
          gammafunk_ghost_grave, kennysheep_flooded_box,
          dreamdust_princess_bridge, wad_mini_maze, uniq_rupert
Temple:   hellmonk_temple_micro_hex
Lair:1:   layout_regular_city, gammafunk_ghost_split, serial_forest,
          infiniplex_forest_fountain, infiniplex_forest_zigzag_1,
          infiniplex_forest_lined_room_3, infiniplex_forest_straight_2,
          infiniplex_forest_straight_3, infiniplex_forest_pool,
          infiniplex_forest_straight_2, infiniplex_forest_lined_2
Lair:2:   layout_regular_city, minmay_swamp_entry_swarm, serial_bayou_shore_a,
          uniq_fannar
Lair:3:   layout_concentric_octagons, guppyfry_snake_entry_garden
Lair:4:   layout_cave_pods, nicolae_slime_entry_slimehenge,
          hellmonk_ghost_happy_afterlife, chequers_serial_rivers_small_a,
          st_stairs_11
Lair:5:   minmay_lair_end_enchanted_forest, layout_misc_corridors,
          gauntlet_entry_generic, serial_bayou_pond_a, grunt_megastairs_4,
          infiniplex_staircase_pool, lemuel_fruit_tree
Orc:1:    layout_caves, enter_volcano_1, basic_altar
Orc:2:    st_orc_elflike, layout_caves
Elf:1:    layout_gridlike, serial_shops, nicolae_shop_advertising_works
          [nicolae_subvault_shop_adworks], orc_legates, grunt_megastairs_2

Skill      XL: |  1  2  3  4  5  6  7  8  9 10 11 12 13 14 15 |
---------------+----------------------------------------------+-----
Dodging        | 1 |  1.0
Armour         | 2 3 4 5 6 7 9 10 | 10.8
Polearms       | 3 |  3.9
Fighting       | 4 5 6 7 9 10 11 12 13 | 13.9
Necromancy     | 1 2 3 4 5 8 9 10 11 12 13 | 13.2
Staves         | 1 2 3 4 7 8 9 10 11 | 11.3
Evocations     | 1 2 3 4 5 6 7 8 9 10 | 10.4

Action                   |  1- 3 |  4- 6 |  7- 9 | 10-12 | 13-15 || total
-------------------------+-------+-------+-------+-------+-------++-------
Melee: Spear             |   157 |   154 |    24 |       |    28 ||   363
       Staff             |       |       |   581 |  1190 |  1708 ||  3479
       Punch             |       |       |     4 |    25 |     2 ||    31
       Lajatang          |       |       |       |       |   126 ||   126
Evoke: Piece from Xom's  |     1 |       |     1 |    13 |     6 ||    21
       Wand              |       |       |     8 |    20 |     3 ||    31
       Condenser vane    |       |       |       |       |     1 ||     1
  Use: Scroll            |     3 |     1 |     6 |     7 |    24 ||    41
 Stab: Paralysed         |     1 |     1 |       |    16 |       ||    18
       Confused          |       |       |     4 |     2 |    10 ||    16
       Invisible         |       |       |     1 |    14 |       ||    15
       Petrified         |       |       |       |     7 |       ||     7
       Distracted        |       |       |       |     2 |     5 ||     7
Armor: Leather armour    |    10 |       |       |       |       ||    10
       Storm dragon scal |    90 |    60 |   451 |   984 |  1494 ||  3079
Dodge: Dodged            |    40 |    45 |   257 |   604 |   761 ||  1707
Block: Orb               |       |       |       |       |   102 ||   102
       Other             |       |       |       |       |    12 ||    12
       Reflection        |       |       |       |       |    11 ||    11

Table legend: (Time is in decaauts)
 A = Elapsed time spent in this place.
 B = Non-inter-level travel time spent in this place.
 C = Inter-level travel time spent in this place.
 D = Time resting spent in this place.
 E = Time spent auto-exploring this place.
 F = Levels seen in this place.
 G = Mean time per level.
                   A        B        C        D        E       F      G
               +--------+--------+--------+--------+--------+-----+--------+
         Total |  25415 |  24343 |   1072 |   2884 |  14725 |  25 | 1016.6 |
       Dungeon |  13998 |  13246 |    752 |   1160 |   7856 |  14 |  999.9 |
        Temple |     77 |     77 |      0 |     48 |      0 |   1 |   77.0 |
          Lair |   5579 |   5326 |    253 |    190 |   4005 |   5 | 1115.8 |
  Orcish Mines |   2079 |   2014 |     65 |    165 |   1409 |   2 | 1039.5 |
   Elven Halls |   2726 |   2726 |      0 |   1134 |   1064 |   1 | 2726.0 |
       Volcano |    446 |    446 |      0 |     30 |    247 |   1 |  446.0 |
      Gauntlet |    507 |    507 |      0 |    156 |    144 |   1 |  507.0 |
               +--------+--------+--------+--------+--------+-----+--------+

Top non-repeatable levels by time:
   Elf:1: 2726 daAuts
    D:11: 2563 daAuts
   Orc:2: 1606 daAuts
  Lair:4: 1177 daAuts
     D:5: 1155 daAuts
  Lair:1: 1128 daAuts
  Lair:3: 1120 daAuts
     D:6: 1106 daAuts
  Lair:5: 1094 daAuts
     D:7: 1094 daAuts
  Lair:2: 1058 daAuts
     D:3: 1058 daAuts
    D:10: 1017 daAuts
    D:13: 898 daAuts
     D:9: 864 daAuts
